 Dungeon Crawl Stone Soup version 0.21.0-3-g78d12a8 (webtiles) character file.

5427 Inkary the Fighter (level 10, -7/145 HPs)
             Began as a Grey Draconian Berserker on Jan 9, 2018.
             Was a High Priest of Trog.
             Mangled by Armakuni's ghost (15 damage)
             ... on level 9 of the Dungeon.
             The game lasted 00:15:34 (8502 turns).

Inkary the Fighter (Grey Draconian Berserker)       Turns: 8502, Time: 00:15:35

Health: -7/145     AC: 15    Str: 25    XL:     10   Next: 40%
Magic:  10/10      EV: 16    Int:  8    God:    Trog [*****.]
Gold:   436        SH:  5    Dex: 13    Spells: 9/9 levels left

rFire    . . .     SeeInvis .   D - +2 dire flail (crush)
rCold    . . .     Gourm    .   (shield currently unavailable)
rNeg     . . .     Faith    .   (armour unavailable)
rPois    .         Spirit   .   (helmet restricted)
rElec    .         Reflect  +   z - +0 cloak
rCorr    +         Harm     .   (no gloves)
MR       .....                  u - +1 pair of boots
Stlth    ..........             s - +5 amulet of reflection
HPRegen  0.34/turn              (no ring)
MPRegen  0.12/turn              A - ring of resist corrosion

@: berserking (expiring), very quick
A: walk through water, unfitting armour, unbreathing, cold-blooded, AC +12
a: Berserk, Trog's Hand, Brothers in Arms, Burn Spellbooks, Renounce Religion


You were on level 9 of the Dungeon.
You worshipped Trog.
Trog was extremely pleased with you.
You were very hungry.

You visited 1 branch of the dungeon, and saw 9 of its levels.

You collected 436 gold pieces.

Inventory:

Hand Weapons
 D - a +2 dire flail of crushing (weapon)
Armour
 a - a +0 shield
 u - a +1 pair of boots (worn)
 z - a +0 cloak (worn)
Jewellery
 s - a +5 amulet of reflection (around neck)
 A - a ring of resist corrosion (right hand)
Wands
 k - a wand of random effects (42)
 y - a wand of flame (20)
Scrolls
 c - 6 scrolls of remove curse
 d - 5 scrolls of teleportation
 e - a scroll of enchant weapon
 g - a scroll of blinking
 i - 2 scrolls of magic mapping
 p - a scroll of fear
 q - 2 scrolls of immolation {unknown}
 x - a scroll of vulnerability {unknown}
 B - a scroll of fog {unknown}
Potions
 f - a potion of magic {unknown}
 h - a potion of cancellation
 l - 2 potions of invisibility
 n - a potion of lignification
 o - 2 potions of curing
 r - 2 potions of degeneration
 t - 4 potions of flight
 v - 2 potions of ambrosia
 w - a potion of berserk rage
Books
 j - a book of Flames

   Spells                             Type                      Level
   a - Flame Tongue                   Conjuration/Fire             1
   b - Throw Flame                    Conjuration/Fire             2
   c - Conjure Flame                  Conjuration/Fire             3
   d - Inner Flame                    Hexes/Fire                   3
   e - Sticky Flame                   Conjuration/Fire             4
   f - Fireball                       Conjuration/Fire             5
   Trog disapproves of the use of such an item.
Comestibles
 b - 15 rations
 m - a chunk of flesh


   Skills:
 + Level 11.7 Fighting
   Level 7.2(7.8) Axes
 + Level 4.5(6.5) Maces & Flails
 + Level 7.9 Dodging
 + Level 1.2 Shields


You had 9 spell levels left.
You didn't know any spells.

Dungeon Overview and Level Annotations

Branches:
Dungeon (9/15)             Temple (0/1) D:7
   Lair: D:8-11         Orc: D:9-12

Altars:
Cheibriados
Fedhas
Okawaru
Qazlal
Ru
Uskayaw

Annotations:
D:7 exclusion: oklob plant
D:9 Armakuni's ghost, journeyman MfGl


Innate Abilities, Weirdness & Mutations

You can walk through water.
Your dull iron-grey scales are very hard. (AC +12)
You cannot fit into any form of body armour.
You can survive without breathing.
You are cold-blooded and may be slowed by cold attacks.


Message History

You block Armakuni's ghost's attack.
You miss Armakuni's ghost. You tail-slap Armakuni's ghost.
Armakuni's ghost is lightly damaged.
You impale Armakuni's ghost!!
Your tail-slap misses Armakuni's ghost.
Armakuni's ghost is moderately damaged.
Armakuni's ghost hits you!!
You closely miss Armakuni's ghost.
Armakuni's ghost is moderately damaged.
Armakuni's ghost hits you!!
* * * LOW HITPOINT WARNING * * *
You closely miss Armakuni's ghost.
Armakuni's ghost is moderately damaged.
You puncture Armakuni's ghost!
Your tail-slap misses Armakuni's ghost.
Armakuni's ghost is heavily damaged.
Armakuni's ghost hits you!!
* * * LOW HITPOINT WARNING * * *
x2 You barely miss Armakuni's ghost.
Your tail-slap misses Armakuni's ghost.
Armakuni's ghost is heavily damaged.
Armakuni's ghost hits you!
You die...

#........#
#.###<##.# ..
#.##.#
#.###.##.#
......##.# # #
#...#..#.#
#.##.#...#.#
#..........#
###....@.###
......W.##
###...#)# #.
#...#.#
.##.###...#.####
..........#))..#
#o.......)##.#
..........####.#
.....#..### #.#


You could see Armakuni's ghost.

Vanquished Creatures
  Pikel (D:4)
  The ghost of Agrougrou the Insei, a novice OpTm of Makhleb (D:4)
  The ghost of komo4ek the Caller, a novice TeSu of Okawaru (D:5)
  A hornet (D:9)
  2 hippogriffs
  Edmund (D:6)
  A water moccasin (D:5)
  A sky beast (D:8)
  4 orc warriors
  A phantom (D:6)
  A black bear (D:6)
  3 centaurs (D:7)
  2 ogres
  Blork the orc (D:6)
  5 bullfrogs
  A gnoll sergeant (D:8)
  4 scorpions
  4 wights (D:6)
  2 howler monkeys
  An electric eel (D:8)
  3 crimson imps
  2 bullfrog skeletons
  A centaur zombie (D:8)
  10 orc priests
  Crazy Yiuf (D:5)
  4 hounds
  5 jellies
  7 orc wizards
  3 centaur skeletons
  4 worker ants
  2 iguanas
  Ijyb (D:5)
  3 hound zombies
  A hound skeleton (D:6)
  A mummy (D:7)
  2 worker ant zombies
  11 adders
  9 gnolls
  2 oozes
  An adder zombie (D:5)
  4 worms
  2 dart slugs
  5 leopard geckos
  25 orcs
  3 giant cockroaches
  14 goblins
  8 hobgoblins
  9 jackals
  7 kobolds
  3 quokkas
  A ball python (D:2)
  8 bats
  8 frilled lizards
  A jackal skeleton (D:8)
  3 quokka skeletons
  7 rats
  2 fungi
221 creatures vanquished.

Vanquished Creatures (others)
  An orc wizard (D:4)
1 creature vanquished.

Grand Total: 222 creatures vanquished

Notes
Turn   | Place    | Note
-------+----------+-------------------------------------------
     0 | D:1      | Inkary the Draconian Berserker began the quest for the Orb.
     0 | D:1      | Reached XP level 1. HP: 19/19 MP: 1/1
   284 | D:1      | Reached XP level 2. HP: 24/26 MP: 2/2
   366 | D:1      | Reached ** piety under Trog
   384 | D:1      | Reached skill level 4 in Fighting
   466 | D:1      | Reached XP level 3. HP: 30/33 MP: 3/3
  1430 | D:2      | Reached XP level 4. HP: 24/41 MP: 4/4
  1481 | D:2      | Found a hide-covered altar of Uskayaw.
  1481 | D:2      | Found a sacrificial altar of Ru.
  1505 | D:2      | Found an iron altar of Okawaru.
  2067 | D:3      | Noticed a bullfrog
  2101 | D:3      | Killed a bullfrog
  2101 | D:3      | Reached skill level 5 in Fighting
  2101 | D:3      | Reached XP level 5. HP: 34/48 MP: 5/5
  2135 | D:3      | Reached *** piety under Trog
  2981 | D:3      | Reached XP level 6. HP: 54/57 MP: 6/6
  3217 | D:4      | Reached skill level 6 in Fighting
  3377 | D:4      | Noticed Agrougrou's ghost (novice OpTm)
  3394 | D:5      | Entered Level 5 of the Dungeon
  3780 | D:5      | Noticed komo4ek's ghost (novice TeSu)
  3783 | D:5      | Noticed an ice beast
  3788 | D:4      | Your scales start taking on a dull iron-grey colour.
  3788 | D:4      | Reached XP level 7. HP: 56/64 MP: 7/7
  3788 | D:4      | Gained mutation: You can survive without breathing. [Grey Draconian growth]
  3806 | D:4      | Noticed Pikel
  3833 | D:4      | Killed Pikel
  3833 | D:4      | Reached skill level 7 in Fighting
  3833 | D:4      | Reached skill level 5 in Axes
  4066 | D:4      | Reached skill level 8 in Fighting
  4066 | D:4      | Reached skill level 5 in Dodging
  4066 | D:4      | Reached XP level 8. HP: 63/74 MP: 8/8
  4148 | D:4      | Killed Agrougrou's ghost
  4673 | D:5      | Killed komo4ek's ghost
  4673 | D:5      | Reached **** piety under Trog
  4673 | D:5      | Reached skill level 9 in Fighting
  4840 | D:5      | Reached XP level 9. HP: 39/85 MP: 9/9
  5361 | D:5      | Noticed Ijyb
  5368 | D:5      | Killed Ijyb
  5387 | D:5      | Found a runed door.
  5391 | D:5      | Noticed Crazy Yiuf
  5401 | D:5      | Killed Crazy Yiuf
  5516 | D:6      | Found a stormy altar of Qazlal.
  5566 | D:6      | Reached skill level 10 in Fighting
  5692 | D:6      | Noticed Blork the orc
  5703 | D:6      | Killed Blork the orc
  6204 | D:6      | Noticed Edmund
  6219 | D:6      | Killed Edmund
  6337 | D:6      | Reached skill level 1 in Maces & Flails
  6944 | D:7      | Found a blossoming altar of Fedhas.
  6962 | D:7      | Noticed an oklob plant
  7110 | D:7      | Reached skill level 11 in Fighting
  7296 | D:7      | Reached XP level 10. HP: 78/96 MP: 10/10
  7414 | D:7      | Found a snail-covered altar of Cheibriados.
  7455 | D:7      | Found a staircase to the Ecumenical Temple.
  7585 | D:8      | Reached ***** piety under Trog
  8272 | D:9      | Paralysed by a hornet for 3 turns
  8287 | D:9      | Paralysed by a hornet for 2 turns
  8289 | D:9      | Reached skill level 1 in Shields
  8482 | D:9      | Noticed Armakuni's ghost (journeyman MfGl)
  8502 | D:9      | Mangled by Armakuni's ghost

Skill      XL: |  1  2  3  4  5  6  7  8  9 10 |
---------------+-------------------------------+-----
Fighting       | 4 5 6 8 9 11 | 11.7
Dodging        | 3 4 5 6 7 |  7.9
Axes           | 4 5 6 7 |  7.2
Maces & Flails | 3 4 |  4.5
Shields        | 1 |  1.2

Action                   |  1- 3 |  4- 6 |  7- 9 | 10-12 || total
-------------------------+-------+-------+-------+-------++-------
Melee: Hand axe          |   157 |   195 |   343 |       ||   695
       Tailslap          |    16 |    27 |    63 |    17 ||   123
       Dire flail        |       |       |   107 |   127 ||   234
Invok: Berserk           |       |     2 |     6 |     2 ||    10
       Trog's Hand       |       |     1 |     3 |     2 ||     6
  Use: Potion            |       |       |     2 |     1 ||     3
       Scroll            |       |       |    11 |     5 ||    16
 Stab: Sleeping          |       |     2 |     1 |       ||     3
       Distracted        |       |     1 |       |       ||     1
  Eat: Chunk             |     2 |    10 |    11 |     6 ||    29
       Ration            |       |       |     2 |       ||     2
Armor: Skin              |    45 |    51 |   159 |    41 ||   296
Dodge: Dodged            |   102 |   150 |   288 |    90 ||   630
Block: Other             |       |       |    24 |    33 ||    57
       Reflection        |       |       |     1 |       ||     1
